 Dungeon Crawl Stone Soup version 0.26.1-11-gd32895ea62 (webtiles) character file.

Game seed: 12899633291644961066

802 Zeld the Cudgeller (level 7, -4/42 (45) HPs)
             Began as an Octopode Warper on May 17, 2021.
             Was a Follower of Makhleb.
             Slain by a wraith (8 damage)
             ... in an ossuary.
             The game lasted 00:09:23 (8047 turns).

Zeld the Cudgeller (Octopode Warper)                Turns: 8047, Time: 00:09:24

HP:   -4/42 (45)    AC:  1    Str: 12    XL:     7   Next: 91%
MP:   11/13         EV: 13    Int: 15    God:    Makhleb [*.....]
Gold: 361           SH:  0    Dex: 12    Spells: 3/14 levels left

rFire    . . .     SeeInvis .   h - +0 mace
rCold    . . .     Faith    .   (no shield)
rNeg     . . .     Spirit   .   (helmet restricted)
rPois    .         Reflect  .   (no amulet)
rElec    .         Harm     .   (no ring)
rCorr    .         Rampage  .   (no ring)
Will     .....                  (no ring)
Stlth    ++........             (no ring)
HPRegen  0.14/turn              (no ring)
MPRegen  0.13/turn              (no ring)
                                (no ring)
                                (no ring)

@: slowed, drained, very slow
A: almost no armour, stealthy swim, amphibious, 8 rings, constrict 8, camouflage
1, gelatinous body 1
a: Renounce Religion


You were in an ossuary.
You worshipped Makhleb.
Makhleb was aware of your devotion.
You visited 2 branches of the dungeon, and saw 7 of its levels.
You also visited: Ossuary.

You collected 361 gold pieces.

Inventory:

Hand Weapons
 a - a +0 mace
 h - a +0 mace (weapon)
 y - a cursed -3 mace
Missiles
 b - 5 boomerangs of dispersal
 u - 11 boomerangs (quivered)
Jewellery
 j - an uncursed ring of magical power {unknown}
Wands
 v - a wand of iceblast (1)
 x - a wand of enslavement (13)
 A - a wand of digging (4)
Scrolls
 c - a scroll of blinking
 d - 2 scrolls of enchant armour {unknown}
 e - a scroll of teleportation {unknown}
 g - 2 scrolls of remove curse {unknown}
 m - 3 scrolls of noise {unknown}
 n - a scroll of immolation {unknown}
 r - a scroll of random uselessness {unknown}
 z - 2 scrolls of identify {unknown}
 B - 2 scrolls of fog {unknown}
 C - a scroll of enchant weapon {unknown}
Potions
 f - a potion of mutation {unknown}
 i - a potion of haste {unknown}
 k - a potion of might {unknown}
 l - a potion of lignification {unknown}
 o - 5 potions of curing {unknown}
 p - 3 potions of heal wounds {unknown}
 q - a potion of brilliance {unknown}
 s - a potion of flight {unknown}
 t - 4 potions of resistance {unknown}
 w - 2 potions of magic {unknown}


   Skills:
 - Level 2.0 Fighting
 * Level 6.3 Maces & Flails
 - Level 1.0 Throwing
 - Level 2.3 Dodging
 + Level 4.2 Spellcasting
 + Level 5.1 Translocations


You had 3 spell levels left.
You knew the following spells:

 Your Spells              Type           Power        Failure   Level
a - Blink                 Tloc           N/A          3%          2
b - Gell's Gravitas       Tloc           9%           6%          3
c - Lesser Beckoning      Tloc           9%           6%          3
d - Teleport Other        Tloc           18%          6%          3

Your spell library contained the following spells:

 Spells                   Type           Power        Failure   Level
 Passage of Golubria      Tloc           N/A          21%         4


Dungeon Overview and Level Annotations

Branches:
Dungeon (6/15)             Temple (1/1) D:5         Ossuary (1/1)

Altars:
Ashenzari
Cheibriados
Dithmenos
Fedhas
Gozag
Hepliaklqana
Kikubaaqudgha
Makhleb
Nemelex Xobeh
Okawaru
Qazlal
Ru
Sif Muna
Trog
Uskayaw
Vehumet
Wu Jian
Xom
Zin
The Shining One

Shops:
D:4 [


Innate Abilities, Weirdness & Mutations

You cannot wear most types of armour.
You are very stealthy in the water. (Stealth+)
You are amphibious.
You can wear up to eight rings at the same time.
You can use your tentacles to constrict eight enemies at once.
Your skin changes colour to match your surroundings (Stealth+).
Your rubbery body absorbs attacks. (AC +1, EV +1)


Message History

Press: ? - help, Shift-Dir - straight line, f/p - wraith
Aim: a wraith (chance to affect: 15%)
The wraith resists with almost no effort.
The wraith hits you. The wraith drains your vigour!
You feel as though you will be slow longer.
Aiming: Enslavement
Press: ? - help, Shift-Dir - straight line, f/p - wraith
Aim: a wraith (chance to affect: 15%)
The wraith resists with almost no effort.
The wraith misses you. x2
Aiming: Enslavement
Press: ? - help, Shift-Dir - straight line, f/p - wraith
Aim: a wraith (chance to affect: 15%)
The wraith resists with almost no effort.
The wraith hits you!
* * * LOW HITPOINT WARNING * * *
Casting: Blink (safe; 3% risk of failure)
Confirm with . or Enter, or press ? or * to list all spells.
You blink.
The wraith hits you!
You die...

#.###.....###.#
#.#z#.....#z#.#
#.###.....###.#
#.............#
#.............#
#ยง###.###.###.#
#.#.#.#z#.# .#
#.W##.###.##+.
#..@..........
##############


You could see a wraith and a flying skull.

Vanquished Creatures
  Eustachio (D:6)
  2 ogres
  A phantom (D:5)
  A wight (Ossuary)
  A centaur zombie (Ossuary)
  An orc priest (D:4)
  A bullfrog skeleton (D:5)
  Jessica (D:2)
  An iguana (D:3)
  An orc wizard (D:3)
  2 worker ants (D:5)
  5 adders
  A white imp (D:5)
  2 oozes (D:1)
  An adder zombie (Ossuary)
  2 dart slugs (D:1)
  7 leopard geckos
  11 orcs
  6 bats
  A giant cockroach (D:5)
  6 goblins
  7 hobgoblins
  5 jackals
  A ball python (D:5)
  2 ball python skeletons
  3 frilled lizards
  A hobgoblin skeleton (Ossuary)
  2 hobgoblin zombies (Ossuary)
  7 kobolds
  3 kobold zombies (Ossuary)
  A quokka zombie (D:5)
  8 rats
95 creatures vanquished.

Vanquished Creatures (others)
  An orc wizard (D:3)
1 creature vanquished.

Grand Total: 96 creatures vanquished

Notes
Turn   | Place    | Note
-------+----------+-------------------------------------------
     0 | D:1      | Zeld the Octopode Warper began the quest for the Orb.
     0 | D:1      | Reached XP level 1. HP: 14/14 MP: 3/3
   215 | D:1      | Reached XP level 2. HP: 14/19 MP: 5/5
   218 | D:1      | Learned a level 2 spell: Blink
   736 | D:1      | Reached XP level 3. HP: 16/24 MP: 6/6
   746 | D:1      | Learned a level 3 spell: Gell's Gravitas
  1501 | D:1      | Reached skill level 3 in Maces & Flails
  1874 | D:2      | Found an ancient bone altar of Kikubaaqudgha.
  1878 | D:2      | Found an opulent altar of Gozag.
  1884 | D:2      | Found a glowing silver altar of Zin.
  1891 | D:2      | Found a snail-covered altar of Cheibriados.
  1923 | D:2      | Reached XP level 4. HP: 24/29 MP: 7/7
  1927 | D:2      | Learned a level 3 spell: Lesser Beckoning
  2644 | D:2      | Noticed Jessica
  2651 | D:2      | Killed Jessica
  3660 | D:3      | Reached skill level 4 in Maces & Flails
  3660 | D:3      | Reached XP level 5. HP: 20/34 MP: 9/9
  3969 | D:3      | Found a shadowy altar of Dithmenos.
  4472 | D:4      | Noticed an ogre
  4914 | D:4      | Found a bloodstained altar of Trog.
  4960 | D:4      | Found Lanod's Armour Shop.
  5621 | D:5      | Entered Level 5 of the Dungeon
  5666 | D:5      | Reached XP level 6. HP: 37/39 MP: 10/10
  5670 | D:5      | Learned a level 3 spell: Teleport Other
  5754 | D:5      | Found a staircase to the Ecumenical Temple.
  5763 | D:5      | Reached skill level 5 in Maces & Flails
  5769 | Temple   | Entered the Ecumenical Temple
  5883 | Temple   | Became a worshipper of Makhleb the Destroyer
  6135 | D:5      | Reached XP level 7. HP: 40/45 MP: 12/12
  6525 | D:6      | Noticed Eustachio
  6817 | D:6      | Killed Eustachio
  6818 | D:6      | Reached skill level 6 in Maces & Flails
  6818 | D:6      | Reached skill level 5 in Translocations
  6908 | D:6      | Found a sand-covered staircase.
  6912 | Ossuary  | Entered an ossuary
  7363 | Ossuary  | Reached * piety under Makhleb
  7994 | Ossuary  | Noticed a flying skull
  7994 | Ossuary  | Noticed a wraith
  8001 | Ossuary  | Noticed a flying skull
  8005 | Ossuary  | Noticed a flying skull
  8030 | Ossuary  | Noticed a flying skull
  8037 | Ossuary  | Noticed a wraith
  8047 | Ossuary  | Slain by a wraith

Illustrated notes

Levels and vault maps discovered:
D:1:      minmay_arrival_stone_box, layout_basic
D:2:      layout_basic, grunt_temple_overflow_cloverleaf, uniq_jessica
D:3:      layout_loops_corners, overflow_temple_1_default
D:4:      layout_basic, nicolae_overflow_hidden_temple, serial_shops,
          nicolae_shop_window_shopping, grunt_ministairs_14
D:5:      layout_loops_ring, kennysheep_ying_yang, minmay_temple_entry_junction
D:6:      layout_cave_pods, enter_ossuary_3, uniq_eustachio
Temple:   nicolae_temple_great_sept
Ossuary:  ossuary_due_cavern

Skill      XL: |  1  2  3  4  5  6  7 |
---------------+----------------------+-----
Maces & Flails | 3 4 5 6 |  6.3
Spellcasting   | 3 4 |  4.2
Translocations | 4 5 |  5.1
Fighting       | |  2.0
Throwing       | |  1.0
Dodging        | |  2.3

Action                   |  1- 3 |  4- 6 |  7- 9 || total
-------------------------+-------+-------+-------++-------
Melee: Mace              |    65 |   100 |    70 ||   235
       Tentacles         |     8 |    16 |    19 ||    43
       Constrict         |    15 |    23 |    15 ||    53
 Cast: Blink             |       |     3 |     7 ||    10
       Gell's Gravitas   |       |     3 |       ||     3
Evoke: Wand              |       |     5 |    10 ||    15
  Use: Scroll            |       |       |     1 ||     1
 Stab: Sleeping          |     2 |     4 |     2 ||     8
Armor: Skin              |     7 |     8 |     6 ||    21
Dodge: Dodged            |    48 |    57 |    44 ||   149
